 Dungeon Crawl Stone Soup version 0.25-a0-566-g062765be81 (webtiles) character file.

Game seed: 14653943966156198096, levelgen mode: deterministic

76 Emblim88 the Sneak (level 4, -3/23 HPs)
             Began as a Spriggan Monk on Feb 27, 2020.
             Was a Believer of Zin.
             Killed by nerve-wracking pain
             ... invoked by an orc priest
              (10 damage)
             ... on level 5 of the Dungeon.
             The game lasted 00:05:07 (3455 turns).

Emblim88 the Sneak (Spriggan Monk)                  Turns: 3455, Time: 00:05:08

Health: -3/23      AC:  2    Str:  7    XL:     4   Next: 12%
Magic:  6/6        EV: 20    Int: 11    God:    Zin [**....]
Gold:   48         SH:  0    Dex: 19    Spells: 3/3 levels left

rFire    . . .     SeeInvis +   a - +0 short sword
rCold    . . .     Gourm    .   (shield restricted)
rNeg     . . .     Faith    .   n - +0 robe of Vefonax {+Inv +Fly rCorr} (curse)
rPois    .         Spirit   .   (helmet restricted)
rElec    .         Reflect  .   (no cloak)
rCorr    +         Harm     .   (gloves unavailable)
MR       .....                  (boots unavailable)
Stlth    ++++......             (no amulet)
HPRegen  0.07/turn              (no ring)
MPRegen  0.10/turn              (no ring)

@: very quick
A: very small, unfitting armour, see invisible, herbivore, speed 3, slow
metabolism 2
a: Recite, Vitalisation, Donate Gold, Renounce Religion, Evoke Invisibility,
Evoke Flight


You were on level 5 of the Dungeon.
You worshipped Zin.
Zin was pleased with you.
You were not hungry.

You visited 2 branches of the dungeon, and saw 6 of its levels.

You collected 53 gold pieces.
You donated 5 gold pieces to Zin.

Inventory:

Hand Weapons
 a - a +0 short sword (weapon)
 k - a +0 hunting sling
 m - a +0 dagger
Missiles
 d - 22 poisoned darts (quivered)
 e - 70 stones
 i - 2 atropa-tipped darts
Armour
 b - a +0 robe
 n - the cursed +0 robe of Vefonax (worn) {+Inv +Fly rCorr}
   (You found it on level 5 of the Dungeon)

   It lets you turn invisible.
   It lets you fly.
   It provides partial protection from all sources of acid and corrosion.
   If you remove this armour, your AC will decrease by 2 (2 -> 0).
   It has a curse placed upon it.
Scrolls
 h - a scroll of identify {unknown}
 j - a scroll of enchant weapon {unknown}
Potions
 f - a potion of heal wounds {unknown}
 g - a potion of brilliance {unknown}
 l - 3 potions of curing {unknown}
Comestibles
 c - 4 rations


   Skills:
 - Level 2.4 Fighting
 - Level 3.2 Short Blades
 - Level 4.4 Dodging
 + Level 6.5 Stealth
 + Level 0.0 Invocations
 + Level 1.6 Evocations


You had 3 spell levels left.
You didn't know any spells.
Your spell library was empty.

Dungeon Overview and Level Annotations

Branches:
Dungeon (6/15)             Temple (1/1) D:6

Altars:
Ashenzari
Cheibriados
Hepliaklqana
Makhleb
Nemelex Xobeh
Okawaru
Sif Muna
Uskayaw
Vehumet
Zin

Annotations:
D:4 Natasha


Innate Abilities, Weirdness & Mutations

You are very small and have problems with some larger weapons.
You are too small for most types of armour.
You have supernaturally acute eyesight. (SInv)
You are a herbivore.
You cover ground extremely quickly.
You need to consume almost no food.


Message History

You climb upwards.
Welcome back to the Dungeon!
You hear the hiss of flowing sand.
There is an entrance to an ossuary on this level.
Hurry and find it before the portal is buried!
The walls and floor vibrate strangely for a moment.
The centaur shoots an arrow.
The arrow barely misses you.
The centaur shoots an arrow.
The arrow hits you!
There is a staircase to the Ecumenical Temple, spattered with blood here.
You see here 3 arrows.
The centaur shoots an arrow.
The arrow hits you!
* * * LOW HITPOINT WARNING * * *
You see here an arrow.
There is a stone staircase leading up here.
You climb upwards.
A hound, 3 gnolls, 3 orcs and an ogre come into view.
Found 14 stones and a spear.
There is a stone staircase leading down here.
The ogre shouts!
The orc priest shouts!
The orc shouts!
The orc wizard shouts!
The orc priest mumbles some strange prayers to Beogh against you.
Pain shoots through your body!
You die...

#..........#
#..........#
..........#.
#...........
##..Og......#
#..........#
#.....g()..#
#....@.....#
#..........#
#....g....o#
##...h.oo.##
##.......#
#######.# .#
.


You could see an ogre, a hound (wandering), an orc priest, an orc wizard, 3
gnolls and an orc.

Vanquished Creatures
  A hound (D:6)
  A worm (D:2)
  2 dart slugs (D:1)
  A leopard gecko (D:5)
  2 ball pythons
  3 bats (D:1)
  A giant cockroach (D:1)
  2 goblins (D:1)
  7 hobgoblins (D:1)
  2 jackals (D:4)
  3 frilled lizards (D:1)
  6 kobolds
  4 rats (D:1)
35 creatures vanquished.

Notes
Turn   | Place    | Note
-------+----------+-------------------------------------------
     0 | D:1      | Emblim88 the Spriggan Monk began the quest for the Orb.
     0 | D:1      | Reached XP level 1. HP: 11/11 MP: 2/2
   474 | D:1      | Reached skill level 4 in Stealth
   512 | D:1      | Reached XP level 2. HP: 11/16 MP: 3/3
   999 | D:1      | Reached skill level 5 in Stealth
  1592 | D:1      | Reached XP level 3. HP: 19/19 MP: 4/4
  2117 | D:2      | Noticed an ogre
  2155 | D:2      | You fall into a shaft and drop 2 floors!
  2203 | D:4      | Reached skill level 6 in Stealth
  2244 | D:5      | Entered Level 5 of the Dungeon
  2269 | D:5      | Got a heavily jewelled robe
  2386 | D:5      | Identified the cursed +0 robe of Vefonax {+Inv +Fly rCorr}
                  | (You found it on level 5 of the Dungeon)
  2405 | D:5      | Noticed a centaur
  2407 | D:5      | Noticed a sky beast
  2523 | D:4      | Noticed Natasha
  2970 | D:6      | Reached skill level 1 in Evocations
  2970 | D:6      | Reached XP level 4. HP: 14/23 MP: 4/6
  3136 | D:6      | Found a staircase to the Ecumenical Temple.
  3138 | D:6      | Noticed a centaur
  3143 | Temple   | Entered the Ecumenical Temple
  3198 | Temple   | Became a worshipper of Zin the Law-Giver
  3198 | Temple   | Reached * piety under Zin
  3198 | Temple   | Reached ** piety under Zin
  3454 | D:5      | Noticed an ogre
  3455 | D:5      | Killed from afar by an orc priest

Levels and vault maps discovered:
D:1:      evilmike_arrival_rings, layout_loops_corners, serial_forest,
          infiniplex_forest_straight_4, infiniplex_forest_lined_2,
          infiniplex_forest_clump_small, infiniplex_forest_clump_diagonal,
          infiniplex_forest_end_double, infiniplex_forest_zigzag_1,
          infiniplex_forest_fountain, infiniplex_forest_clump_small,
          infiniplex_forest_lined_room_3
D:2:      layout_loops_ring, doesnt_xom_only_xom, minmay_indecisive_spiral
D:4:      layout_basic, lightli_temple_of_fire, uniq_grinder, uniq_eustachio,
          uniq_natasha, uniq_ijyb
D:5:      layout_rooms
D:6:      layout_basic, minmay_temple_entry_crystal_x, enter_ossuary_5
Temple:   cyrus_temple_forest

Skill      XL: |  1  2  3 |
---------------+----------+-----
Stealth        | 4 5 6 |  6.5
Evocations     | 1 |  1.6
Fighting       | |  2.4
Short Blades   | |  3.2
Dodging        | |  4.4

Action                   |  1- 3 |  4- 6 || total
-------------------------+-------+-------++-------
Melee: Short sword       |   162 |       ||   162
Throw: Dart              |     7 |       ||     7
  Use: Scroll            |     1 |       ||     1
 Stab: Sleeping          |     8 |       ||     8
Armor: Robe              |    14 |       ||    14
Dodge: Dodged            |   162 |     2 ||   164

Table legend:
 A = Non-vault XP
 B = Vault XP
 C = Vault XP percentage of total XP
 D = Non-vault monster count
 E = Vault monster count
 F = Vault count percentage of total count
                 A         B        C        D         E       F
            +---------+---------+-------+---------+---------+-------
      Total |     109 |       0 |   0.0 |      35 |       0 |   0.0
            +---------+---------+-------+---------+---------+-------
        D:1 |      49 |       0 |   0.0 |      28 |       0 |   0.0
        D:2 |       6 |       0 |   0.0 |       2 |       0 |   0.0
        D:4 |       6 |       0 |   0.0 |       3 |       0 |   0.0
        D:5 |       3 |       0 |   0.0 |       1 |       0 |   0.0
        D:6 |      45 |       0 |   0.0 |       1 |       0 |   0.0
            +---------+---------+-------+---------+---------+-------
